 Dungeon Sprint DCSS version 0.21-a0-221-gfe971b9 (webtiles) character file.

68 Kidiri the Skirmisher (level 4, 0/44 HPs)
             Began as a Hill Orc Abyssal Knight on Aug 25, 2017.
             Was an Elder of Lugonu.
             Succumbed to an adder's poison
             ... in the Dungeon (Sprint IX: "|||||||||||||||||||||||||||||").
             The game lasted 00:01:55 (148 turns).

Kidiri the Skirmisher (Hill Orc Abyssal Knight)      Turns: 148, Time: 00:01:56

Health: 0/44       AC:  3    Str: 15    XL:     4   Next: 19%
Magic:  4/7        EV: 12    Int: 12    God:    Lugonu [****..]
Gold:   0          SH:  0    Dex: 10    Spells: 3/3 levels left

rFire    . . .     SeeInvis .   a - +1 mace
rCold    . . .     Gourm    .   (no shield)
rNeg     . . .     Faith    .   b - +0 leather armour
rPois    .         Spirit   .   (no helmet)
rElec    .         Reflect  .   (no cloak)
rCorr    .         Harm     .   (no gloves)
MR       .....     NoTele   +   (no boots)
Stlth    +.........             (no amulet)
HPRegen  0.14/turn              (no ring)
MPRegen  0.10/turn              (no ring)

@: lethally poisoned (0 -> -3)
A: no striking features
a: Bend Space, Banish, Corrupt, Renounce Religion


You were in the Dungeon.
You worshipped Lugonu.
Lugonu was greatly pleased with you.
You were not hungry.

You visited 1 branch

Inventory:

Hand Weapons
 a - a +1 mace (weapon)
Armour
 b - a +0 leather armour (worn)
Scrolls
 i - a scroll of blinking
Potions
 f - a potion of haste
 g - 2 potions of magic
 h - a potion of berserk rage
Comestibles
 c - a bread ration
 j - 3 chunks of flesh


   Skills:
 * Level 5.9 Fighting
 * Level 4.6 Maces & Flails
 + Level 3.5 Armour
 * Level 3.3 Dodging
 + Level 4.2 Invocations


You had 3 spell levels left.
You didn't know any spells.

Dungeon Overview and Level Annotations

Branches:
Dungeon (1/1)

Altars:


Message History

Okay, then.
You miss the crimson imp.
The crimson imp hits you but does no damage.
You thump the crimson imp!
The crimson imp is severely wounded.
* * * LOW HITPOINT WARNING * * *
You feel sick.
The crimson imp blinks!
You closely miss the crimson imp.
The crimson imp is heavily wounded.
* * * LOW HITPOINT WARNING * * *
You feel sick.
The crimson imp hits you but does no damage.
You sock the crimson imp!
You kill the crimson imp!
Lugonu accepts your kill.
You can now corrupt the fabric of space.
Your Dodging skill increases to level 3!
Your Invocations skill increases to level 4!
You have reached level 4!
You die...

▓.▓
▓.▓
▓.▓
▓.▓
▓'▓
▓.▓
▓.▓
▓†▓
▓@▓
▓.▓
▓+▓


There were no monsters in sight!

Vanquished Creatures
  A crimson imp (D)
  An adder (D)
  A gnoll (D)
  A shadow imp (D)
  A leopard gecko (D)
  2 goblins (D)
  A kobold (D)
  2 rats (D)
10 creatures vanquished.

Notes
Turn   | Place    | Note
-------+----------+-------------------------------------------
     0 | D        | Kidiri the Hill Orc Abyssal Knight began the quest for the Orb.
     0 | D        | Reached XP level 1. HP: 19/19 MP: 2/2
     6 | D        | Reached skill level 1 in Dodging
     8 | D        | Reached ** piety under Lugonu
     8 | D        | Reached skill level 4 in Fighting
    89 | D        | Noticed a crimson imp
   113 | D        | Reached *** piety under Lugonu
   113 | D        | Reached XP level 2. HP: 17/28 MP: 2/4
   125 | D        | Reached skill level 5 in Fighting
   131 | D        | Reached XP level 3. HP: 6/36 MP: 2/5
   146 | D        | HP: 1/36 [poisoned by an adder]
   147 | D        | Reached **** piety under Lugonu
   147 | D        | Reached XP level 4. HP: 1/44 MP: 4/7
   148 | D        | Succumbed to an adder's poison

Vault maps used:
D:        linesprint

Skill      XL: |  1  2  3 |
---------------+----------+-----
Dodging        | 2 3 |  3.3
Fighting       | 4 5 |  5.9
Maces & Flails | 3 4 |  4.6
Invocations    | 3 4 |  4.2
Armour         | 3 |  3.5

Action                   |  1- 3 |  4- 6 || total
-------------------------+-------+-------++-------
Melee: Mace              |    68 |       ||    68
Invok: Bend Space        |     1 |       ||     1
  Use: Potion            |     2 |       ||     2
Armor: Leather armour    |    17 |       ||    17
Dodge: Dodged            |    41 |       ||    41

Table legend:
 A = Spawn XP
 B = Non-spawn XP
 C = Spawn XP percentage of total XP
 D = Spawn monster count
 E = Non-spawn monster count
 F = Spawn count percentage of total count
 G = Total turns spent on level
                    A         B        C        D         E        F      G
               +---------+---------+-------+---------+---------+-------+---------
         Total |       0 |      98 |   0.0 |       0 |      10 |   0.0 |   148
               +---------+---------+-------+---------+---------+-------+---------
             D |       0 |      98 |   0.0 |       0 |      10 |   0.0 |   148
               +---------+---------+-------+---------+---------+-------+---------
